 Seeded DCSS version 0.30-a0-393-g54b8e3be05 (webtiles) character file.

Game seed: 60221415 (custom seed)

64149 McGhostyFace the Thaumaturge (level 15, -6/124 HPs)
             Began as a Gnoll Warper on Dec 6, 2022.
             Was a Believer of Ashenzari.
             Mangled by a culicivora (10 damage)
             ... summoned by a broodmother
             ... on level 2 of the Spider Nest.
             The game lasted 00:51:04 (21182 turns).

McGhostyFace the Thaumaturge (Gnoll Warper)        Turns: 21182, Time: 00:51:05

Health: -6/124     AC: 15    Str: 11    XL:     15   Next: 12%
Magic:  5/32       EV: 20    Int: 18    God:    Ashenzari [**....]
Gold:   1527       SH:  0    Dex: 13    Spells: 21/41 levels left

rFire   . . .      SeeInvis +    R - +8 demon blade "Leech" {vamp, Harm Drain rN+}
rCold   . . .      Faith    .    K - +0 buckler of the Cryptic Pleiades {Self, Elem} (curse)
rNeg    + . .      Spirit   .    L - +0 steam dragon scales of Ashenzari's Sorrow {Elem, Bglg} (curse)
rPois   +          Reflect  .    (no helmet)
rElec   .          Harm     +    x - +0 cloak "Shattered Inconvenience" {Self, Melee} (curse)
rCorr   .          Rampage  .    h - +0 pair of gloves of Ashenzari's Seeker {Fort, Self} (curse)
Will    +....                    X - +2 pair of boots {Stlth+}
Stlth   +++.......               i - amulet of the acrobat
HPRegen 0.40/turn                v - +4 ring of protection
MPRegen 0.23/turn                E - +4 ring of evasion

@: confused, slightly contaminated
A: fangs 1, strong nose, distributed training, deformed body, mutation
resistance 1, poison resistance
a: Renounce Religion, Curse Item, Shatter the Chains


You were on level 2 of the Spider Nest.
You worshipped Ashenzari.
Ashenzari was pleased with you.
You visited 5 branches of the dungeon, and saw 19 of its levels.
You also visited: Sewer.

You collected 1527 gold pieces.

Inventory:

Hand Weapons
 r - the +8 hand axe "Goudunu" {spect, Fly Will+ Stlth-}
   (You took it off a kobold on level 2 of the Dungeon)

   When its wielder attacks, the weapon's spirit leaps out and strikes again.
   The spirit shares a part of any damage it takes with its wielder.
   Fly:       It grants you flight.
   Will:      It increases your willpower.
   Stlth:     It makes you less stealthy.
 R - the +8 demon blade "Leech" (weapon) {vamp, Harm Drain rN+}
   (You found it on level 5 of the Lair of Beasts)

   It heals its wielder for a portion of the damage dealt every time it strikes
   a living foe.
   rN:        It protects you from negative energy.
   Drain:     It drains your maximum health when unequipped.
   Harm:      It increases damage dealt and taken.
 W - the +9 long sword of Distraction {vorpal, Dex+6}
   (You found it on level 3 of the Lair of Beasts)

   It inflicts extra damage upon your enemies.
   Dex:       It affects your dexterity (+6).
Missiles
 d - 17 boomerangs of dispersal
 B - 27 poisoned darts (quivered)
 I - 6 boomerangs
 M - 2 throwing nets
 S - 2 curare-tipped darts
Armour
 h - the cursed +0 pair of gloves of Ashenzari's Seeker (worn) {Fort, Self}
   (You found it on level 1 of the Dungeon)

   It has a curse which improves the following skills: Fortitude: Armour and
   Shields.
   Introspection: Fighting and Spellcasting.
 x - the cursed +0 cloak "Shattered Inconvenience" (worn) {Self, Melee}
   (You took it off Crazy Yiuf on level 3 of the Dungeon)

   It has a curse which improves the following skills: Introspection: Fighting
   and Spellcasting.
   Melee Combat: Short Blades, Long Blades, Axes, Maces & Flails, Polearms,
   Staves and Unarmed Combat.
 y - the +1 ring mail "Kyxkih" {rC++}
   (You found it on level 5 of the Dungeon)

   rC:        It greatly protects you from cold.
 K - the cursed +0 buckler of the Cryptic Pleiades (worn) {Self, Elem}
   (You found it on level 7 of the Dungeon)

   It has a curse which improves the following skills: Introspection: Fighting
   and Spellcasting.
   Elements:  Fire Magic, Ice Magic, Air Magic and Earth Magic.
 L - the cursed +0 steam dragon scales of Ashenzari's Sorrow (worn) {Elem, Bglg}
   (You found it on level 8 of the Dungeon)

   It has a curse which improves the following skills: Elements: Fire Magic, Ice
   Magic, Air Magic and Earth Magic.
   Beguiling: Conjurations, Hexes and Translocations.
 X - a +2 pair of boots of stealth (worn)
Jewellery
 a - a +4 ring of protection
 i - an amulet of the acrobat (around neck)
 v - a +4 ring of protection (left hand)
 E - a +4 ring of evasion (right hand)
 P - an amulet of magic regeneration
Wands
 D - a wand of flame (10)
 H - a wand of roots (31)
 Q - a wand of paralysis (14)
 V - a wand of polymorph (1)
 Z - a wand of mindburst (3)
Scrolls
 b - a scroll of fog
 c - 4 scrolls of blinking
 f - 2 scrolls of amnesia
 g - 12 scrolls of identify
 m - 3 scrolls of fear
 n - 8 scrolls of teleportation
 q - 3 scrolls of magic mapping
 t - 3 scrolls of torment
 w - 2 scrolls of silence
 F - a scroll of enchant weapon
 G - 2 scrolls of summoning
 J - 3 scrolls of poison
 N - a scroll of enchant armour
Potions
 e - 9 potions of brilliance
 j - a potion of degeneration
 k - 3 potions of heal wounds
 l - 5 potions of haste
 o - 7 potions of curing
 p - 2 potions of attraction
 s - 4 potions of cancellation
 u - 5 potions of berserk rage
 z - 4 potions of might
 A - 2 potions of ambrosia
 C - 4 potions of flight
 O - a potion of magic
 T - 2 potions of resistance
 U - a potion of mutation
Miscellaneous
 Y - a phial of floods


   Skills:
 + Level 11.1(13.6) Fighting
 + Level 10.2(11.4) Short Blades
 + Level 10.2(11.4) Long Blades
 + Level 11.1(12.3) Axes
 + Level 10.2(11.4) Maces & Flails
 + Level 10.2(11.4) Polearms
 + Level 10.2(11.4) Staves
 + Level 10.2 Ranged Weapons
 + Level 10.5 Throwing
 + Level 10.5(11.7) Armour
 + Level 11.1 Dodging
 + Level 10.2 Stealth
 + Level 10.2(11.4) Shields
 + Level 10.2(11.4) Unarmed Combat
 + Level 11.3(13.8) Spellcasting
 + Level 8.5(9.8) Conjurations
 + Level 8.5(9.8) Hexes
 + Level 8.5 Summonings
 + Level 8.5 Necromancy
 + Level 10.2(11.4) Translocations
 + Level 8.5 Transmutations
 + Level 8.5(10.4) Fire Magic
 + Level 8.5(10.4) Ice Magic
 + Level 8.5(10.4) Air Magic
 + Level 8.5(10.4) Earth Magic
 + Level 8.5 Poison Magic
 + Level 11.1 Invocations
 + Level 10.2 Evocations


You had 21 spell levels left.
You knew the following spells:

 Your Spells              Type           Power      Damage    Failure   Level
a - Dazzling Flash        Conj/Hex       94%        N/A       1%          3
b - Manifold Assault      Tloc           52%        N/A       1%          4
c - Blink                 Tloc           100%       N/A       1%          2
d - Summon Mana Viper     Hex/Summ       45%        N/A       4%          5
e - Starburst             Conj/Fire      24%        6d8       16%         6

Your spell library contained the following spells:

 Spells                   Type           Power      Damage    Failure   Level
 Apportation              Tloc           100%       N/A       1%          1
 Kiss of Death            Conj/Necr      100%       2d13      1%          1
 Sandblast                Erth           100%       2d20      1%          1
 Shock                    Conj/Air       100%       1d9       1%          1
 Ensorcelled Hibernation  Hex/Ice        96%        N/A       1%          2
 Confusing Touch          Hex            47%        N/A       1%          3
 Frozen Ramparts          Ice            100%       1d16      1%          3
 Lesser Beckoning         Tloc           100%       N/A       1%          3
 Mephitic Cloud           Conj/Pois/Air  47%        N/A       1%          3
 Ozocubu's Armour         Ice            50%        N/A       1%          3
 Portal Projectile        Hex/Tloc       100%       N/A       1%          3
 Stone Arrow              Conj/Erth      96%        3d13      1%          3
 Teleport Other           Tloc           52%        N/A       1%          3
 Tukima's Dance           Hex            47%        N/A       1%          3
 Vhi's Electric Charge    Tloc/Air       100%       N/A       1%          3
 Dispel Undead            Necr           43%        3d17      1%          4
 Ice Form                 Ice/Tmut       46%        N/A       1%          4
 Iskenderun's Mystic Bla  Conj/Tloc      50%        2d11      1%          4
 Petrify                  Tmut/Erth      46%        N/A       1%          4
 Summon Ice Beast         Ice/Summ       46%        N/A       1%          4
 Lightning Bolt           Conj/Air       24%        1d39      2%          5
 Metabolic Englaciation   Hex/Ice        24%        N/A       2%          5
 Irradiate                Conj/Tmut      22%        3d19      4%          5
 Alistair's Intoxication  Tmut/Pois      28%        N/A       5%          5
 Blade Hands              Tmut           21%        N/A       5%          5
 Statue Form              Tmut/Erth      30%        N/A       21%         6
 Ozocubu's Refrigeration  Ice            25%        4d13      58%         7
 Storm Form               Tmut/Air       23%        N/A       73%         7
 Dragon Form              Tmut           21%        N/A       85%         7
 Lehudib's Crystal Spear  Conj/Erth      24%        10d7      100%        8


Dungeon Overview and Level Annotations

Branches:
Dungeon (9/15)             Temple (1/1) D:5            Lair (5/5) D:9
 Shoals (0/4) Lair:3       Spider (2/4) Lair:2        Slime (0/5) Lair:4
    Orc (2/2) D:9             Elf (0/3) Orc:2         Sewer (visited)

Altars:
Ashenzari
Cheibriados
Dithmenos
Elyvilon
Fedhas
Gozag
Hepliaklqana
Kikubaaqudgha
Makhleb
Nemelex Xobeh
Okawaru
Qazlal
Ru
Sif Muna
Trog
Uskayaw
Vehumet
Wu Jian
Xom
Yredelemnul
Zin
The Shining One

Shops:
D:7 !   Orc:2 [??[

Annotations:
Lair:4 1 runed translucent door


Innate Abilities, Weirdness & Mutations

You have very sharp teeth.
Your uncanny sense of smell can sniff out nearby items.
Your experience applies equally to all skills.
Armour fits poorly on your strangely shaped body.
You are somewhat resistant to further mutation.
Your system is resistant to poisons. (rPois)


Message History

The culicivora bites you but does no damage.
The redback barely misses you.
Unknown command.
You slash the redback!
You feel better.
Your bite misses the redback.
The redback is almost dead.
The tarantella closely misses you. You block the culicivora's attack.
The redback bites you.
You slash the redback!
You feel better.
You kill the redback!
You block the tarantella's attack. The culicivora bites you.
The culicivora draws strength from your injuries!
The culicivora bites you but does no damage.
You closely miss the tarantella. The culicivora barely misses you.
The broodmother closely misses you.
The culicivora bites you but does no damage.
You barely miss the tarantella. The tarantella touches you.
You block the culicivora's attack. The culicivora completely misses you.
You block the culicivora's attack. The broodmother bites you!!
Unknown command.
You hit the broodmother.
You feel better.
The broodmother is lightly wounded.
The tarantella barely misses you. The culicivora bites you!
* * * LOW HITPOINT WARNING * * *
The culicivora draws strength from your injuries!
The culicivora closely misses you. The culicivora bites you!
* * * LOW HITPOINT WARNING * * *
The culicivora draws strength from your injuries!
The broodmother bites you but does no damage.
The tarantella touches you.
* * * LOW HITPOINT WARNING * * *
You are confused.
You feel much better. The culicivora misses you.
The culicivora bites you but does no damage.
The culicivora bites you!!
* * * LOW HITPOINT WARNING * * *
The culicivora draws strength from your injuries!
The broodmother barely misses you. The tarantella touches you!
* * * LOW HITPOINT WARNING * * *
The culicivora bites you!
You die...

∆ ,.#..... ,
^#....., * ,∆
.?...# * ....# .
##...###.. , ,
###.#....... , , *
#.........# ,
###.ss<....#., *
..^##...@s........
,
........ss^#..$.##
, *
.#.$......##....#
, * *
?...##>....#*...#
..#,#...####
...#,,, , .
..?...,, *..# ,
#..#... ,..# ,
#..^.#.. ,, ,, ,
,B........ ,


You could see a broodmother, 3 culicivoras and a tarantella.

Vanquished Creatures
  Roxanne (Spider:1)
  An entropy weaver (Spider:2)
  A hydra (Lair:2)
  A jorogumo (Spider:1)
  A catoblepas (Lair:5)
  2 radroaches
  5 death yaks
  3 orc high priests
  A pharaoh ant (Spider:1)
  A steelbarb worm (Spider:1)
  A flayed ghost (D:8)
  2 orc knights (Orc:2)
  4 orc sorcerers (Orc:2)
  11 wolf spiders
  A moth of wrath (Spider:1)
  A cyclops (Orc:2)
  6 black mambas
  4 elephants
  Joseph (D:9)
  A merfolk siren (Lair:3)
  A torpor snail (Lair:3)
  2 cane toads
  4 rime drakes
  4 demonic crawlers
  6 komodo dragons
  A polar bear (Lair:4)
  Grinder (D:4)
  4 tarantellas
  A hornet (D:9)
  Prince Ribbit (D:7)
  7 dream sheep (Lair:1)
  11 blink frogs
  9 jumping spiders (Spider:1)
  Sigmund (D:3)
  2 shadows (D:8)
  13 culicivoras
  A fire bat (D:8)
  4 wraiths
  2 basilisks
  26 yaks
  4 steam dragons
  20 redbacks
  Menkaure (D:7)
  3 wargs (Orc:2)
  2 swamp worms (Lair:3)
  9 water moccasins
  11 orc warriors
  8 black bears
  An ice beast (D:6)
  A sky beast (D:7)
  3 ogres
  9 wolves
  A centaur (D:8)
  2 phantoms
  6 kobold brigands
  10 bullfrogs
  A gnoll sergeant (D:8)
  8 necrophages
  3 scorpions
  10 wights
  14 killer bees
  2 howler monkeys
  An electric eel (Spider:1)
  10 hounds
  A jelly (D:5)
  6 orc priests
  Crazy Yiuf (D:3)
  Terence (D:3)
  Natasha (twice) (D:4)
  An iguana (D:4)
  8 orc wizards
  3 gnolls (D:8)
  6 adders
  3 shadow imps
  A white imp (D:6)
  4 ufetubi
  2 worms
  2 dart slugs (D:2)
  34 orcs
  6 ball pythons
  7 endoplasms
  7 giant cockroaches
  4 goblins
  6 hobgoblins
  4 jackals
  7 quokkas
  18 bats
  3 frilled lizards (D:2)
  28 kobolds
  7 rats
  A butterfly (D:9)
463 creatures vanquished.

Vanquished Creatures (collateral kills)
  2 hydras (Lair:5)
  3 death yaks (Lair:5)
  A deep troll shaman (Lair:5)
  An orc high priest (Orc:2)
  An orb spider (Spider:1)
  2 orc knights (Orc:2)
  An orc sorcerer (Orc:2)
  9 elephants
  A wolf spider (Spider:2)
  A demonic crawler (Spider:1)
  A polar bear (Lair:5)
  A tarantella (Spider:2)
  A culicivora (Spider:1)
  4 yaks (Lair:5)
  2 redbacks
  2 water moccasins (Lair:5)
  4 orc warriors
  A black bear (Lair:5)
  3 wolves (Lair:5)
  A bullfrog (Lair:4)
  2 necrophages (Lair:4)
  An orc priest (Orc:2)
  An orc wizard (Orc:2)
  An orc (Orc:1)
47 creatures vanquished.

Vanquished Creatures (others)
  An electric eel (Spider:1)
  16 fungi
  84 plants
101 creatures vanquished.

Grand Total: 611 creatures vanquished

Notes
Turn   | Place    | Note
-------+----------+-------------------------------------------
     0 | D:1      | McGhostyFace the Gnoll Warper began the quest for the Orb.
     0 | D:1      | Reached XP level 1. HP: 20/20 MP: 6/6
   140 | D:1      | Reached XP level 2. HP: 23/26 MP: 7/7
  1219 | D:2      | Identified the +8 hand axe "Goudunu" {spect, Fly Will+
                  | Stlth-}
  1222 | D:2      | Reached skill level 5 in Spellcasting
  1222 | D:2      | Reached XP level 3. HP: 31/31 MP: 7/9
  1461 | D:2      | Found an iron altar of Okawaru.
  1467 | D:2      | Reached skill level 1 in Invocations
  1469 | D:2      | Reached skill level 1 in Short Blades
  1469 | D:2      | Reached skill level 1 in Long Blades
  1469 | D:2      | Reached skill level 1 in Maces & Flails
  1469 | D:2      | Reached skill level 1 in Polearms
  1469 | D:2      | Reached skill level 1 in Staves
  1469 | D:2      | Reached skill level 1 in Ranged Weapons
  1469 | D:2      | Reached skill level 1 in Stealth
  1469 | D:2      | Reached skill level 1 in Shields
  1469 | D:2      | Reached skill level 1 in Unarmed Combat
  1469 | D:2      | Reached skill level 1 in Evocations
  1562 | D:2      | Reached XP level 4. HP: 31/38 MP: 11/11
  2156 | D:3      | Reached skill level 1 in Conjurations
  2156 | D:3      | Reached skill level 1 in Hexes
  2156 | D:3      | Reached skill level 1 in Summonings
  2156 | D:3      | Reached skill level 1 in Necromancy
  2156 | D:3      | Reached skill level 1 in Transmutations
  2156 | D:3      | Reached skill level 1 in Fire Magic
  2156 | D:3      | Reached skill level 1 in Ice Magic
  2156 | D:3      | Reached skill level 1 in Air Magic
  2156 | D:3      | Reached skill level 1 in Earth Magic
  2156 | D:3      | Reached skill level 1 in Poison Magic
  2174 | D:3      | Noticed Terence
  2177 | D:3      | Killed Terence
  2216 | D:3      | Found a burning altar of Makhleb.
  2289 | D:3      | Reached XP level 5. HP: 43/43 MP: 12/12
  2452 | D:3      | Found a snail-covered altar of Cheibriados.
  2453 | D:3      | Noticed Sigmund
  2474 | D:3      | Killed Sigmund
  2475 | D:3      | Reached skill level 5 in Fighting
  2475 | D:3      | Reached skill level 5 in Axes
  2475 | D:3      | Reached skill level 5 in Dodging
  2475 | D:3      | Reached XP level 6. HP: 10/51 MP: 14/14
  2743 | D:3      | Found a runed translucent door.
  2744 | D:3      | Noticed Crazy Yiuf
  2816 | D:3      | Killed Crazy Yiuf
  3441 | D:4      | Reached XP level 7. HP: 56/56 MP: 15/15
  3762 | D:4      | Noticed Natasha
  3768 | D:4      | Killed Natasha
  3897 | D:4      | Noticed Natasha
  3902 | D:4      | Killed Natasha
  4085 | D:4      | Noticed Grinder
  4100 | D:4      | Killed Grinder
  4208 | D:5      | Entered Level 5 of the Dungeon
  4235 | D:5      | Identified the +1 ring mail "Kyxkih" {rC++}
  4270 | D:5      | Reached XP level 8. HP: 63/63 MP: 16/16
  4302 | D:5      | Found a glowing drain.
  4306 | Sewer    | Entered a sewer
  4428 | Sewer    | Found a white marble altar of Elyvilon.
  4552 | D:5      | Learned a level 3 spell: Dazzling Flash
  4557 | D:5      | Learned a level 4 spell: Manifold Assault
  4597 | D:5      | Found a radiant altar of Vehumet.
  5014 | D:5      | Found a staircase to the Ecumenical Temple.
  5030 | Temple   | Entered the Ecumenical Temple
  5202 | Temple   | Became a worshipper of Ashenzari the Shackled
  5810 | D:6      | Reached XP level 9. HP: 36/69 MP: 3/18
  6146 | D:6      | Found a blossoming altar of Fedhas.
  6335 | D:6      | Reached skill level 5 in Throwing
  6335 | D:6      | Reached skill level 5 in Armour
  6600 | D:7      | Noticed Prince Ribbit
  6608 | D:7      | Killed Prince Ribbit
  6849 | D:7      | Found Uthreh's Distillery.
  6866 | D:7      | Reached skill level 5 in Invocations
  7083 | D:7      | Reached * piety under Ashenzari
  7085 | D:7      | Gained mutation: You occasionally lose the ability to drink
                  | potions when taking damage. [potion of mutation]
  7085 | D:7      | Gained mutation: You possess an exceptional clarity of
                  | mind. [potion of mutation]
  7086 | D:7      | Lost mutation: You possess an exceptional clarity of mind.
                  | [potion of mutation]
  7086 | D:7      | Lost mutation: You occasionally lose the ability to drink
                  | potions when taking damage. [potion of mutation]
  7086 | D:7      | Gained mutation: You occasionally shout uncontrollably at
                  | your foes. [potion of mutation]
  7086 | D:7      | Gained mutation: You are agile. (Dex +4, Str/Int -1)
                  | [potion of mutation]
  7095 | D:7      | Found an opulent altar of Gozag.
  7180 | D:7      | Found a stormy altar of Qazlal.
  7180 | D:7      | Found a glowing silver altar of Zin.
  7268 | D:7      | Noticed Menkaure
  7276 | D:7      | Killed Menkaure
  7936 | D:8      | Reached skill level 5 in Short Blades
  7936 | D:8      | Reached skill level 5 in Long Blades
  7936 | D:8      | Reached skill level 5 in Maces & Flails
  7936 | D:8      | Reached skill level 5 in Polearms
  7936 | D:8      | Reached skill level 5 in Staves
  7936 | D:8      | Reached skill level 5 in Ranged Weapons
  7936 | D:8      | Reached skill level 5 in Stealth
  7936 | D:8      | Reached skill level 5 in Shields
  7936 | D:8      | Reached skill level 5 in Unarmed Combat
  7936 | D:8      | Reached skill level 5 in Evocations
  7936 | D:8      | Reached XP level 10. HP: 79/80 MP: 12/22
  8242 | D:8      | Found a runed translucent door.
  8331 | D:8      | Found an ancient bone altar of Kikubaaqudgha.
  8338 | D:8      | Found a bloodstained altar of Trog.
  8348 | D:8      | Found a shadowy altar of Dithmenos.
  8348 | D:8      | Noticed a flayed ghost
  8376 | D:8      | Found an ancient bone altar of Kikubaaqudgha.
  8388 | D:8      | Found a shadowy altar of Dithmenos.
  8451 | D:8      | Found an ancient bone altar of Kikubaaqudgha.
  8778 | D:8      | Found a shadowy altar of Dithmenos.
  9343 | D:8      | Killed a flayed ghost
  9367 | D:8      | Learned a level 2 spell: Blink
  9626 | D:9      | Noticed Joseph
  9644 | D:9      | Killed Joseph
  9957 | D:9      | Identified a scroll of acquirement
 10395 | D:9      | Reached skill level 5 in Conjurations
 10395 | D:9      | Reached skill level 5 in Hexes
 10395 | D:9      | Reached skill level 5 in Summonings
 10395 | D:9      | Reached skill level 5 in Necromancy
 10395 | D:9      | Reached skill level 5 in Transmutations
 10395 | D:9      | Reached skill level 5 in Fire Magic
 10395 | D:9      | Reached skill level 5 in Ice Magic
 10395 | D:9      | Reached skill level 5 in Air Magic
 10395 | D:9      | Reached skill level 5 in Earth Magic
 10395 | D:9      | Reached skill level 5 in Poison Magic
 10430 | D:9      | Found a shimmering altar of Xom.
 10464 | D:9      | Reached XP level 11. HP: 87/87 MP: 23/23
 10525 | D:9      | Found a staircase to the Orcish Mines.
 10646 | D:9      | Identified the +0 scale mail of the Constellations {Dex+2}
 10658 | D:9      | Found a staircase to the Lair.
 10914 | Lair:1   | Entered Level 1 of the Lair of Beasts
 12352 | Lair:2   | Reached ** piety under Ashenzari
 12501 | Lair:2   | Noticed an eight-headed hydra
 12652 | Lair:2   | Reached XP level 12. HP: 63/98 MP: 26/26
 12677 | Lair:2   | Found an opulent altar of Gozag.
 12779 | Lair:2   | Found a hole to the Spider Nest.
 13155 | Lair:2   | Killed an eight-headed hydra
 13863 | Lair:3   | Identified the +9 long sword of Distraction {vorpal, Dex+6}
 13942 | Lair:3   | Found a staircase to the Shoals.
 13949 | Lair:3   | Noticed a death yak
 13966 | Lair:3   | Killed a death yak
 14251 | Lair:3   | Acquired the Vellum of Exhibitionism
 14259 | Lair:3   | Learned a level 5 spell: Summon Mana Viper
 14995 | Lair:4   | Reached XP level 13. HP: 60/107 MP: 29/29
 15462 | Lair:4   | Found a runed translucent door.
 15480 | Lair:4   | Found a staircase to the Slime Pits.
 15480 | Lair:4   | Noticed an azure jelly
 15764 | Lair:5   | Entered Level 5 of the Lair of Beasts
 16134 | Lair:5   | Reached skill level 10 in Spellcasting
 16374 | Lair:5   | Found the +8 demon blade "Leech" {vamp, Harm Drain rN+}
 16746 | Lair:5   | Reached skill level 10 in Fighting
 16746 | Lair:5   | Reached skill level 10 in Axes
 16746 | Lair:5   | Reached skill level 10 in Dodging
 17525 | D:9      | Learned a level 6 spell: Starburst
 17526 | Orc:1    | Entered Level 1 of the Orcish Mines
 17533 | Orc:1    | Reached XP level 14. HP: 116/116 MP: 21/30
 17535 | Orc:1    | Reached skill level 10 in Invocations
 17580 | Orc:2    | Entered Level 2 of the Orcish Mines
 17785 | Orc:2    | Paralysed by an orc sorcerer for 2 turns
 18348 | Orc:2    | Found a staircase to the Elven Halls.
 18467 | Orc:2    | Found Ujimoil's Armour Emporium.
 18637 | Orc:2    | Found Teggag's Magic Scroll Shop.
 18674 | Orc:2    | Found Soss's Armour Shop.
 18676 | Orc:2    | Found Xuomnunu's Magic Scroll Emporium.
 18750 | Orc:2    | Lost mutation: You are agile. (Dex +4, Str/Int -1) [potion
                  | of mutation]
 18750 | Orc:2    | Lost mutation: You occasionally shout uncontrollably at
                  | your foes. [potion of mutation]
 18750 | Orc:2    | Gained mutation: Your system is resistant to poisons.
                  | (rPois) [potion of mutation]
 18750 | Orc:2    | Gained mutation: You are somewhat resistant to further
                  | mutation. [potion of mutation]
 18898 | Spider:1 | Entered Level 1 of the Spider Nest
 19023 | Spider:1 | Reached skill level 10 in Throwing
 19023 | Spider:1 | Reached skill level 10 in Armour
 19361 | Spider:1 | Paralysed by a jorogumo for 2 turns
 19978 | Spider:1 | Reached skill level 10 in Translocations
 20200 | Spider:1 | Identified Roxanne's Encyclopedia of Stones
 20200 | Spider:1 | Noticed Roxanne
 20227 | Spider:1 | Killed Roxanne
 20359 | Spider:1 | Reached skill level 10 in Short Blades
 20359 | Spider:1 | Reached skill level 10 in Long Blades
 20359 | Spider:1 | Reached skill level 10 in Maces & Flails
 20359 | Spider:1 | Reached skill level 10 in Polearms
 20359 | Spider:1 | Reached skill level 10 in Staves
 20359 | Spider:1 | Reached skill level 10 in Ranged Weapons
 20359 | Spider:1 | Reached skill level 10 in Stealth
 20359 | Spider:1 | Reached skill level 10 in Shields
 20359 | Spider:1 | Reached skill level 10 in Unarmed Combat
 20359 | Spider:1 | Reached skill level 10 in Evocations
 20635 | Spider:2 | Reached XP level 15. HP: 119/124 MP: 19/32
 21166 | Spider:2 | Gained mutation: Armour fits poorly on your strangely
                  | shaped body. [mutagenic glow]
 21182 | Spider:2 | HP: 4/124 [tarantella[a broodmother] (13)]
 21182 | Spider:2 | Mangled by a culicivora

Illustrated notes

Levels and vault maps discovered:
D:1:      erik_arrival_cave_to_civilisation [erik_arrival_cave_to_hall],
          layout_basic, grunt_decor_clamped, columned_hall_lemuel
D:2:      wad_woods_stonehenge, layout_basic, minmay_misc_feat_encased
D:3:      layout_loops_ring, old_standard_altar,
          mainiacjoe_overflow_cross_hatched, uniq_terence,
          uniq_crazy_yiuf_cottage, uniq_sigmund
D:4:      layout_basic, kennysheep_donut, uniq_natasha, uniq_grinder
D:5:      layout_loops_ring, nicolae_vehumet_radiance, temple_pool_b,
          gup_sewer_entry_spiral
D:6:      layout_loops_ring, fedhas_altar_4, bh_walls_and_bars
D:7:      layout_loops_corners, gammafunk_temple_overflow_forgotten,
          serial_shops, nicolae_take_the_stairs, kennysheep_decorative_pillar,
          minmay_unpleasant_kobolds, uniq_prince_ribbit1, uniq_menkaure
D:8:      due_megacathedral, layout_layer_cave, mainiacjoe_overflow_tiny_flanked
D:9:      layout_loops_corners, xom_butterflies, dpeg_oklobed_lair, david_orc_2,
          uniq_joseph
Temple:   hellmonk_temple_forest_ring
Lair:1:   layout_chaotic_city, serial_bayou_shore_b, lemuel_fruit_tree,
          infiniplex_staircase_pool_2, grunt_megastairs_3, serial_bayou_shore_b
Lair:2:   layout_regular_city, hellmonk_spider_entry_life_and_decay,
          lemuel_altar_in_water2, beast_lair_carwin_10
Lair:3:   layout_loops_ring, minmay_shoals_entry_lonely_mermaid, worms_lemuel
Lair:4:   layout_regular_city, slime_entry_2, minmay_holes, roderic_carrion_pond
Lair:5:   grunt_lair_end_beastmaster, layout_cave_shapes, grunt_megastairs_2
Spider:1: nicolae_spider_mines_2, guppyfry_spider_mini_3, uniq_roxanne
Spider:2: layout_spider_delve, drop_trap
Orc:1:    layout_diamond_mine, nooodl_orcs_dogs, uniq_josephine
Orc:2:    st_orc_elflike, layout_diamond_mine

Skill      XL: |  1  2  3  4  5  6  7  8  9 10 11 12 13 14 15 |
---------------+----------------------------------------------+-----
Spellcasting   | 5 6 7 8 9 10 11 | 11.3
Invocations    | 1 2 3 4 5 6 7 8 9 10 11 | 11.1
Short Blades   | 1 2 3 5 6 7 8 9 10 | 10.2
Long Blades    | 1 2 3 5 6 7 8 9 10 | 10.2
Maces & Flails | 1 2 3 5 6 7 8 9 10 | 10.2
Polearms       | 1 2 3 5 6 7 8 9 10 | 10.2
Staves         | 1 2 3 5 6 7 8 9 10 | 10.2
Ranged Weapons | 1 2 3 5 6 7 8 9 10 | 10.2
Stealth        | 1 2 3 5 6 7 8 9 10 | 10.2
Shields        | 1 2 3 5 6 7 8 9 10 | 10.2
Unarmed Combat | 1 2 3 5 6 7 8 9 10 | 10.2
Evocations     | 1 2 3 5 6 7 8 9 10 | 10.2
Conjurations   | 1 2 3 4 5 6 7 8 |  8.5
Hexes          | 1 2 3 4 5 6 7 8 |  8.5
Summonings     | 1 2 3 4 5 6 7 8 |  8.5
Necromancy     | 1 2 3 4 5 6 7 8 |  8.5
Transmutations | 1 2 3 4 5 6 7 8 |  8.5
Fire Magic     | 1 2 3 4 5 6 7 8 |  8.5
Ice Magic      | 1 2 3 4 5 6 7 8 |  8.5
Air Magic      | 1 2 3 4 5 6 7 8 |  8.5
Earth Magic    | 1 2 3 4 5 6 7 8 |  8.5
Poison Magic   | 1 2 3 4 5 6 7 8 |  8.5
Fighting       | 5 6 7 8 9 10 11 | 11.1
Axes           | 5 6 7 8 9 10 11 | 11.1
Throwing       | 3 4 5 6 7 8 9 10 | 10.5
Armour         | 3 4 5 6 7 8 9 10 | 10.5
Dodging        | 5 6 7 8 9 10 11 | 11.1
Translocations | 6 7 8 9 10 | 10.2

Action                   |  1- 3 |  4- 6 |  7- 9 | 10-12 | 13-15 || total
-------------------------+-------+-------+-------+-------+-------++-------
Melee: Hand axe          |   116 |    65 |   245 |   390 |   110 ||   926
       Bite              |    14 |     1 |    21 |    43 |    95 ||   174
       Punch             |       |     1 |     1 |       |       ||     2
       Demon blade       |       |       |       |       |   482 ||   482
Throw: Dart              |       |       |     4 |    23 |    75 ||   102
       Boomerang         |       |       |     2 |       |       ||     2
 Cast: Manifold Assault  |       |       |    16 |    11 |    16 ||    43
       Dazzling Flash    |       |       |       |     3 |     3 ||     6
       Blink             |       |       |       |     1 |     1 ||     2
       Summon Mana Viper |       |       |       |     4 |    45 ||    49
       Starburst         |       |       |       |       |    12 ||    12
Invok: Curse Item        |       |       |     2 |     2 |     1 ||     5
       Shatter the Chain |       |       |       |     1 |       ||     1
Evoke: Wand              |       |       |       |     7 |     7 ||    14
       Phial of floods   |       |       |       |       |     2 ||     2
  Use: Scroll            |       |       |     4 |     2 |     4 ||    10
       Potion            |       |       |     3 |       |     6 ||     9
 Stab: Distracted        |       |       |     5 |     9 |    10 ||    24
       Sleeping          |       |       |     1 |     6 |     4 ||    11
       Invisible         |       |       |       |     1 |       ||     1
       Petrified         |       |       |       |       |    10 ||    10
       Petrifying        |       |       |       |       |     4 ||     4
Armor: Leather armour    |    27 |    19 |    57 |     2 |       ||   105
       Steam dragon scal |       |       |       |    83 |   172 ||   255
Dodge: Dodged            |    72 |    29 |   156 |   256 |   590 ||  1103
Block: Buckler           |       |       |     5 |    97 |   193 ||   295

Table legend: (Time is in decaauts)
 A = Elapsed time spent in this place.
 B = Non-inter-level travel time spent in this place.
 C = Inter-level travel time spent in this place.
 D = Time resting spent in this place.
 E = Time spent auto-exploring this place.
 F = Levels seen in this place.
 G = Mean time per level.
                   A        B        C        D        E       F      G
               +--------+--------+--------+--------+--------+-----+--------+
         Total |  21063 |  20100 |    963 |   3094 |  13389 |  20 | 1053.2 |
       Dungeon |  10642 |  10188 |    454 |    681 |   8017 |   9 | 1182.4 |
        Temple |    182 |    158 |     24 |      0 |    136 |   1 |  182.0 |
          Lair |   6930 |   6533 |    397 |   1413 |   3914 |   5 | 1386.0 |
   Spider Nest |   1850 |   1832 |     18 |    761 |    544 |   2 |  925.0 |
  Orcish Mines |   1280 |   1211 |     69 |    239 |    666 |   2 |  640.0 |
         Sewer |    177 |    177 |      0 |      0 |    112 |   1 |  177.0 |
               +--------+--------+--------+--------+--------+-----+--------+

Top non-repeatable levels by time:
  Lair:2: 1907 daAuts
     D:8: 1761 daAuts
Spider:1: 1673 daAuts
  Lair:5: 1606 daAuts
  Lair:1: 1416 daAuts
     D:9: 1353 daAuts
     D:7: 1323 daAuts
   Orc:2: 1217 daAuts
     D:4: 1138 daAuts
     D:6: 1094 daAuts
     D:2: 1081 daAuts
  Lair:4: 1045 daAuts
     D:1: 1030 daAuts
     D:3: 970 daAuts
  Lair:3: 955 daAuts
